 Dungeon Crawl Stone Soup version 0.29.1-15-g9cfb28693d (webtiles) character file.

Game seed: 1721667485761147346

77 javelincjr the Magician (level 4, -2/32 HPs)
             Began as a Djinni Conjurer on Mar 6, 2023.
             Slain by Ijyb
             ... wielding a +0 club
              (5 damage)
             ... on level 3 of the Dungeon.
             The game lasted 00:06:48 (2905 turns).

javelincjr the Magician (Djinni Conjurer)           Turns: 2905, Time: 00:06:48

Health: -2/32      AC:  2    Str:  8    XL:     4   Next: 58%
Gold:   127        EV: 12    Int: 20    God:
                   SH:  0    Dex: 11

rFire   + + .      SeeInvis +   h - +2 spear (flame)
rCold   x . .      Faith    .   (no shield)
rNeg    + . .      Spirit   .   a - +0 robe
rPois   ∞          Reflect  .   (no helmet)
rElec   .          Harm     .   (no cloak)
rCorr   .          Rampage  .   (no gloves)
Will    .....                   (boots unavailable)
Stlth   +.........              (no amulet)
HPRegen 0.10/turn               d - ring of positive energy
MPRegen 0.00/turn               g - ring of see invisible

@: confused, flying
A: sickness immunity, fire resistance 2, cold vulnerability 1, float, innate
caster, HP casting, extra vitality 1
a: no special abilities


You were on level 3 of the Dungeon.
You visited 1 branch of the dungeon, and saw 3 of its levels.

You collected 127 gold pieces.

Inventory:

Hand Weapons
 h - a +2 spear of flaming (weapon)
Armour
 a - a +0 robe (worn)
Jewellery
 d - a ring of positive energy (left hand)
 g - a ring of see invisible (right hand)
Scrolls
 c - 6 scrolls of identify {unknown}
 f - 2 scrolls of blinking {unknown}
 i - a scroll of brand weapon {unknown}
 j - a scroll of amnesia {unknown}
 m - a scroll of noise {unknown}
 n - a scroll of butterflies {unknown}
 p - a scroll of poison {unknown}
Potions
 b - a potion of invisibility {unknown}
 e - a potion of might {unknown}
 k - 2 potions of heal wounds {unknown}
 l - a potion of haste {unknown}
 o - a potion of attraction {unknown}


   Skills:
 * Level 1.5 Fighting
 + Level 0.7 Armour
 + Level 2.9 Dodging
 + Level 2.2 Stealth
 * Level 3.6 Spellcasting


You couldn't memorise any spells.
You knew the following spells:

 Your Spells              Type           Power      Damage    Failure   Level
a - Magic Dart            Conj           72%        1d6       3%          1
b - Searing Ray           Conj           36%        2d5       4%          2
c - Dazzling Flash        Conj/Hex       36%        N/A       9%          3
d - Fulminant Prism       Conj/Hex       9%         3d7       28%         4
e - Iskenderun's Mystic   Conj/Tloc      18%        2d6       28%         4
f - Beastly Appendage     Tmut           36%        N/A       3%          1
Your spell library was empty.

Dungeon Overview and Level Annotations

Branches:
Dungeon (3/15)

Altars:

Annotations:
D:3 Ijyb


Innate Abilities, Weirdness & Mutations

You are immune to sickness and miasma.
You are immune to poison.
Your flesh is very heat resistant. (rF++)
You are vulnerable to cold. (rC-)
You float through the air rather than walking.
You learn spells naturally, not from books.
Your magical power is your life essence.
You have superior vitality. (+4 MHP)


Message History

The searing ray hits Ijyb.
Ijyb is lightly wounded.
The goblin shoots a sling bullet.
The sling bullet hits you. Ijyb screams, "Me stronger than you!"
The searing ray hits Ijyb.
Ijyb is heavily wounded.
The searing ray misses the goblin.
Ijyb hits you with a +0 club.
Your magical contamination has completely faded away.
The searing ray hits Ijyb.
Ijyb is heavily wounded.
You finish channelling your searing ray.
The goblin unwields a +0 sling.
The goblin wields a +0 club.
The goblin closely misses you.
Ijyb zaps a wand.
Your will is overpowered!
You are confused.
The goblin misses you.
Ijyb drinks a potion.
Ijyb is healed!
Ijyb attacks as you move away! Ijyb hits you with a +0 club.
The goblin attacks as you move away! The goblin barely misses you.
The goblin unwields a +0 club.
The goblin wields a +0 sling.
The goblin shoots a sling bullet.
The sling bullet hits you but does no damage.
Ijyb zaps a wand.
Your will is overpowered!
You are more confused.
You're too confused to aim your attacks!
The goblin shoots a sling bullet.
The sling bullet barely misses you.
Ijyb zaps a wand.
Your will is overpowered!
You are more confused.
The goblin unwields a +0 sling.
The goblin wields a +0 club.
The goblin hits you but does no damage. Ijyb barely misses you.
You hit Ijyb but do no damage.
Ijyb is lightly wounded.
The goblin hits you with a +0 club. Ijyb closely misses you.
You're too confused to move!
The goblin barely misses you. Ijyb hits you with a +0 club.
* * * LOW HITPOINT WARNING * * *
You hit Ijyb. You burn Ijyb.
Ijyb is moderately wounded.
The goblin hits you with a +0 club.
* * * LOW HITPOINT WARNING * * *
Ijyb hits you with a +0 club.
You die...

###########
#...'......
#.@g'......
#..g#).....
#...##########
#............#
#............#
##'##.....##+
#...#.)...#
#...#.....#
#...#.....#


You could see Ijyb and a goblin.

Vanquished Creatures
  2 adders (D:2)
  3 worms (D:2)
  A dart slug (D:1)
  7 endoplasms
  A giant cockroach (D:1)
  10 goblins
  2 hobgoblins
  2 jackals (D:3)
  A quokka (D:2)
  5 ball pythons
  4 bats
  A frilled lizard (D:3)
  3 kobolds
  3 rats (D:2)
45 creatures vanquished.

Notes
Turn   | Place    | Note
-------+----------+-------------------------------------------
     0 | D:1      | javelincjr the Djinni Conjurer began the quest for the Orb.
     0 | D:1      | javelincjr set off with the following spells memorised:
                  | Magic Dart, Searing Ray, Dazzling Flash, Fulminant Prism,
                  | Iskenderun's Mystic Blast.
     0 | D:1      | Reached XP level 1. HP: 15/15 MP: 0/0
   234 | D:1      | Found a faded altar of an unknown god.
   383 | D:1      | Reached XP level 2. HP: 19/21 MP: 0/0
  1230 | D:2      | Reached XP level 3. HP: 12/26 MP: 0/0
  1230 | D:2      | Learned a level 1 spell: Beastly Appendage
  1784 | D:2      | Reached skill level 1 in Fighting
  2214 | D:2      | Reached XP level 4. HP: 29/32 MP: 0/0
  2889 | D:3      | Noticed Ijyb
  2905 | D:3      | Slain by Ijyb

Illustrated notes

Levels and vault maps discovered:
D:1:      dpeg_arrival_rooms_c, layout_loops_ring,
          hellmonk_ecumenical_altar_leap_of_faith
D:2:      layout_loops_corners
D:3:      kennysheep_goblin_castle, layout_loops_corners

Skill      XL: |  1  2  3 |
---------------+----------+-----
Stealth        | 2 |  2.2
Fighting       | 1 |  1.5
Armour         | |  0.7
Dodging        | |  2.9
Spellcasting   | |  3.6

Action                   |  1- 3 |  4- 6 || total
-------------------------+-------+-------++-------
Melee: Spear             |     9 |     3 ||    12
 Cast: Magic Dart        |    56 |    25 ||    81
       Searing Ray       |     4 |     1 ||     5
 Stab: Sleeping          |     2 |     1 ||     3
Armor: Robe              |     3 |     3 ||     6
Dodge: Dodged            |     5 |    11 ||    16
